AAA
NEW YORK COMETS @ QUEBEC FIGHTING QUAKERS
07/28/2059
 
TOP OF THE 1ST
New York Comets batting - Pitching for Quebec Fighting Quakers : RHP Evan LaFreniere
Pitching: RHP Evan LaFreniere
Batting: SHB Drake Stock 0-0: Called Strike
0-1: Ball
1-1: Foul Ball, location: 2F
1-2: Ground out 5-3 (Groundball, 56, EV 81.2 MPH)
Batting: RHB Victor Day 0-0: Foul Ball, location: 2F
0-1: Ball
1-1: Swinging Strike
1-2: Foul Ball, location: 2F
1-2: Foul Ball, location: 2F
1-2: Fly out, F8 (Flyball, 8RM, EV 91.9 MPH)
Batting: LHB Devan Clark 0-0: Ball
1-0: Fly out, F7 (Line Drive, 7S, EV 88.1 MPH)
Top of the 1st over - 0 runs, 0 hits, 0 errors, 0 left on base; New York 0 - Quebec 0
BOTTOM OF THE 1ST
Quebec Fighting Quakers batting - Pitching for New York Comets : RHP Clancy Buchanan
Pitching: RHP Clancy Buchanan
Batting: RHB Kyle Long 0-0: SINGLE (Groundball, 6D, EV 103.1 MPH)
Batting: LHB Jayden Marotta 0-0: Ball
1-0: Ball
2-0: SINGLE (Line Drive, 7S, EV 103.8 MPH)
Kyle Long to second
Batting: RHB TeMarcus Turner 0-0: Ball
1-0: Ball
2-0: Foul Ball, location: 2F
2-1: Foul Ball, location: 2F
2-2: Fly out, F7 (Flyball, 78D, EV 91.9 MPH)
Batting: RHB Evan Bocian 0-0: Ball
1-0: Foul Ball, location: 2F
1-1: Ball
2-1: Ball
3-1: Foul Ball, location: 2F
3-2: SINGLE (Groundball, 25, EV 70.6 MPH) (infield hit)
Kyle Long to third
Jayden Marotta to second
Batting: RHB Andy Christman 0-0: Called Strike
0-1: Grounds into double play, U5-3 (Groundball, 5L, EV 88.8 MPH)
Bottom of the 1st over - 0 runs, 3 hits, 0 errors, 2 left on base; New York 0 - Quebec 0
TOP OF THE 2ND
New York Comets batting - Pitching for Quebec Fighting Quakers : RHP Evan LaFreniere
Batting: RHB Mason Douglass 0-0: Ball
1-0: Ground out 5-3 (Groundball, 56S, EV 87.5 MPH)
Batting: LHB Morgan Buga 0-0: Called Strike
0-1: Called Strike
0-2: Ball
1-2: SINGLE (Groundball, 3D, EV 100.0 MPH)
Batting: RHB Bryan Steed 0-0: Called Strike
0-1: Ball
1-1: Called Strike
Pickoff Throw to First - Out! 1-3 CS
1-2: Ground out 5-3 (Groundball, 5, EV 87.5 MPH)
Top of the 2nd over - 0 runs, 1 hit, 0 errors, 0 left on base; New York 0 - Quebec 0
BOTTOM OF THE 2ND
Quebec Fighting Quakers batting - Pitching for New York Comets : RHP Clancy Buchanan
Batting: RHB Cody Henning 0-0: Ground out 4-3 (Groundball, 34, EV 96.9 MPH)
Batting: RHB Andy Reece 0-0: Called Strike
0-1: Foul Ball, location: 2F
0-2: Ground out U3 (Groundball, 13, EV 93.8 MPH)
Batting: LHB Kaleb Roelofs 0-0: Ball
1-0: Foul Ball, location: 2F
1-1: Foul Ball, location: 2F
1-2: Ball
2-2: Ground out 5-3 (Groundball, 5D, EV 106.9 MPH)
Bottom of the 2nd over - 0 runs, 0 hits, 0 errors, 0 left on base; New York 0 - Quebec 0
TOP OF THE 3RD
New York Comets batting - Pitching for Quebec Fighting Quakers : RHP Evan LaFreniere
Batting: RHB William Adkins 0-0: Foul Ball, location: 2F
0-1: Ball
1-1: Ball
2-1: Called Strike
2-2: Strikes out swinging
Batting: LHB Jay Vurgun 0-0: Fly out, F7 (Flyball, 7S, EV 84.4 MPH)
Batting: SHB Lindsay Einaudi 0-0: Foul Ball, location: 2F
0-1: Called Strike
0-2: Foul Ball, location: 2F
0-2: Strikes out swinging
Top of the 3rd over - 0 runs, 0 hits, 0 errors, 0 left on base; New York 0 - Quebec 0
BOTTOM OF THE 3RD
Quebec Fighting Quakers batting - Pitching for New York Comets : RHP Clancy Buchanan
Batting: LHB Neil Fedunina 0-0: Ball
1-0: Ground out 2-3 (Groundball, 2L, EV 66.9 MPH)
Batting: RHB Kyle Long 0-0: Ball
1-0: Ball
2-0: Ground out 5-3 (Groundball, 56S, EV 87.5 MPH)
Batting: LHB Jayden Marotta 0-0: Ball
1-0: Called Strike
1-1: Called Strike
1-2: Foul Ball, location: 2F
1-2: Ball
2-2: Foul Ball, location: 2F
2-2: Foul Ball, location: 2F
2-2: Ball
3-2: Base on Balls
Batting: RHB TeMarcus Turner 0-0: Called Strike
0-1: Called Strike
0-2: Ball
1-2: Foul Ball, location: 2F
1-2: Ball
2-2: Ball
3-2: Foul Ball, location: 2F
3-2: SINGLE (Groundball, 6S, EV 68.1 MPH) (infield hit)
Jayden Marotta to second
Batting: RHB Evan Bocian 0-0: Called Strike
0-1: Fielders Choice at 2nd, 5-4 (Groundball, 5, EV 83.1 MPH)
Bottom of the 3rd over - 0 runs, 1 hit, 0 errors, 2 left on base; New York 0 - Quebec 0
TOP OF THE 4TH
New York Comets batting - Pitching for Quebec Fighting Quakers : RHP Evan LaFreniere
Batting: SHB Drake Stock 0-0: Ball
1-0: Foul Ball, location: 2F
1-1: Ball
2-1: Ball
3-1: Swinging Strike
3-2: Fly out, F7 (Line Drive, 7, EV 97.5 MPH)
Batting: RHB Victor Day 0-0: Ball
1-0: Called Strike
1-1: Swinging Strike
1-2: Ball
2-2: Ball
3-2: Strikes out looking
Batting: LHB Devan Clark 0-0: Ball
1-0: Ball
2-0: Foul Ball, location: 2F
2-1: Ball
3-1: Base on Balls
Batting: RHB Mason Douglass 0-0: Ball
1-0: Called Strike
1-1: Swinging Strike
1-2: Ball
2-2: Strikes out swinging
Top of the 4th over - 0 runs, 0 hits, 0 errors, 1 left on base; New York 0 - Quebec 0
BOTTOM OF THE 4TH
Quebec Fighting Quakers batting - Pitching for New York Comets : RHP Clancy Buchanan
Batting: RHB Andy Christman 0-0: Called Strike
0-1: Called Strike
0-2: Ball
1-2: SOLO HOME RUN (Flyball, 8LXD, EV 104.4 MPH), Distance : 431 ft
Batting: RHB Cody Henning 0-0: Called Strike
0-1: Called Strike
0-2: Hit by Pitch
Batting: RHB Andy Reece 0-0: Ball
Cody Henning steals 2nd base
1-0: Ground out 1-3 (Groundball, P, EV 61.9 MPH)
Cody Henning to third
Batting: LHB Kaleb Roelofs 0-0: Ball
1-0: Fly out, F9 (Flyball, 89D, EV 100.0 MPH)
Runner from 3rd tags up, SCORES, no throw by RF
Batting: LHB Neil Fedunina 0-0: Ball
1-0: Fly out, F9 (Flyball, 9S, EV 81.9 MPH)
Bottom of the 4th over - 2 runs, 1 hit, 0 errors, 0 left on base; New York 0 - Quebec 2
TOP OF THE 5TH
New York Comets batting - Pitching for Quebec Fighting Quakers : RHP Evan LaFreniere
Batting: LHB Morgan Buga 0-0: Ball
1-0: Foul Ball, location: 2F
1-1: Ground out 4-3 (Groundball, 34, EV 94.4 MPH)
Batting: RHB Bryan Steed 0-0: Called Strike
0-1: Foul Ball, location: 2F
0-2: Ball
1-2: Ball
2-2: Foul Ball, location: 2F
2-2: Hit by Pitch
Batting: RHB William Adkins 0-0: Foul Ball, location: 2F
0-1: Called Strike
0-2: Foul Ball, location: 2F
0-2: Ball
1-2: Grounds into double play, 4-6-3 (Groundball, 4, EV 105.6 MPH)
Top of the 5th over - 0 runs, 0 hits, 0 errors, 0 left on base; New York 0 - Quebec 2
BOTTOM OF THE 5TH
Quebec Fighting Quakers batting - Pitching for New York Comets : RHP Clancy Buchanan
Batting: RHB Kyle Long 0-0: Ball
1-0: Fly out, F8 (Line Drive, 78M, EV 90.6 MPH)
Batting: LHB Jayden Marotta 0-0: Called Strike
0-1: DOUBLE (Line Drive, 7LD, EV 106.2 MPH)
Batting: RHB TeMarcus Turner 0-0: Called Strike
0-1: Ball
1-1: Called Strike
1-2: Strikes out swinging
Batting: RHB Evan Bocian 0-0: Single, Error in OF, E8, batter to second base (Groundball, 6MD, EV 106.9 MPH)
Jayden Marotta scores
Batting: RHB Andy Christman 0-0: Called Strike
0-1: Ball
1-1: Ball
2-1: Swinging Strike
2-2: Strikes out swinging
Bottom of the 5th over - 1 run, 2 hits, 1 error, 1 left on base; New York 0 - Quebec 3
TOP OF THE 6TH
New York Comets batting - Pitching for Quebec Fighting Quakers : RHP Evan LaFreniere
Batting: LHB Jay Vurgun 0-0: Ground out 2-3 (Groundball, 2R, EV 70.0 MPH)
Batting: SHB Lindsay Einaudi 0-0: Called Strike
0-1: Ball
1-1: Ball
2-1: Swinging Strike
2-2: Ground out 6-3 (Groundball, 6, EV 85.0 MPH)
Batting: SHB Drake Stock 0-0: DOUBLE (Line Drive, 9LM, EV 108.8 MPH)
Batting: RHB Victor Day 0-0: SINGLE (Groundball, 5D, EV 102.5 MPH)
Drake Stock to third
Runner from 3rd tries for Home, SAFE, throw by LF to home
Victor Day to second
Batting: LHB Devan Clark 0-0: Ball
1-0: Ball
2-0: Ball
3-0: Base on Balls
Batting: RHB Mason Douglass 0-0: Ball
1-0: Foul Ball, location: 2F
1-1: Called Strike
1-2: Strikes out swinging
Top of the 6th over - 1 run, 2 hits, 0 errors, 2 left on base; New York 1 - Quebec 3
BOTTOM OF THE 6TH
Quebec Fighting Quakers batting - Pitching for New York Comets : RHP Clancy Buchanan
Batting: RHB Cody Henning 0-0: Called Strike
0-1: Called Strike
0-2: Strikes out swinging
Batting: RHB Andy Reece 0-0: Ball
1-0: Fly out, F9 (Flyball, 9, EV 91.2 MPH)
Batting: LHB Kaleb Roelofs 0-0: Ground out 4-3 (Groundball, 4, EV 79.4 MPH)
Bottom of the 6th over - 0 runs, 0 hits, 0 errors, 0 left on base; New York 1 - Quebec 3
TOP OF THE 7TH
New York Comets batting - Pitching for Quebec Fighting Quakers : RHP Evan LaFreniere
Batting: LHB Morgan Buga 0-0: Ground out U3 (Groundball, 3L, EV 90.0 MPH)
Batting: RHB Bryan Steed 0-0: Called Strike
0-1: Ball
1-1: Swinging Strike
1-2: Ball
2-2: Foul Ball, location: 2F
2-2: Strikes out looking
Batting: RHB William Adkins 0-0: Ball
1-0: Ball
2-0: Ground out 5-3 (Groundball, 56, EV 80.6 MPH)
Top of the 7th over - 0 runs, 0 hits, 0 errors, 0 left on base; New York 1 - Quebec 3
BOTTOM OF THE 7TH
Quebec Fighting Quakers batting - Pitching for New York Comets : RHP Clancy Buchanan
Batting: LHB Neil Fedunina 0-0: Foul Ball, location: 2F
0-1: Fly out, F8 (Flyball, 8LXD, EV 97.5 MPH)
Batting: RHB Kyle Long 0-0: Called Strike
0-1: Foul Ball, location: 2F
0-2: Ground out 5-3 (Groundball, 5L, EV 81.9 MPH)
Batting: LHB Jayden Marotta 0-0: Foul Ball, location: 2F
0-1: Ball
1-1: Fly out, F9 (Flyball, 9D, EV 86.2 MPH)
Bottom of the 7th over - 0 runs, 0 hits, 0 errors, 0 left on base; New York 1 - Quebec 3
TOP OF THE 8TH
New York Comets batting - Pitching for Quebec Fighting Quakers : RHP Evan LaFreniere
Batting: LHB Jay Vurgun 0-0: Foul Ball, location: 2F
0-1: Foul Ball, location: 2F
0-2: Fly out, F7 (Flyball, 78S, EV 92.5 MPH)
Pitching: RHP Brad Zook
Batting: SHB Lindsay Einaudi 0-0: Foul Ball, location: 2F
0-1: Ground out U3 (Groundball, 3, EV 86.2 MPH)
Batting: SHB Drake Stock 0-0: Swinging Strike
0-1: Ball
1-1: Ball
2-1: Foul Ball, location: 2F
2-2: DOUBLE (Line Drive, 7LD, EV 110.6 MPH)
Batting: RHB Victor Day 0-0: Called Strike
0-1: Called Strike
0-2: Ball
1-2: Fly out, F3 (Line Drive, 3, EV 68.8 MPH)
Top of the 8th over - 0 runs, 1 hit, 0 errors, 1 left on base; New York 1 - Quebec 3
BOTTOM OF THE 8TH
Quebec Fighting Quakers batting - Pitching for New York Comets : RHP Clancy Buchanan
Batting: RHB TeMarcus Turner 0-0: Swinging Strike
0-1: SINGLE (Groundball, P, EV 81.2 MPH) (infield hit)
Batting: RHB Evan Bocian 0-0: Ball
1-0: Ball
2-0: Foul Ball, location: 2F
2-1: Foul Ball, location: 2F
2-2: Ball
3-2: Foul Ball, location: 2F
3-2: SINGLE (Groundball, 56D, EV 95.6 MPH)
TeMarcus Turner to second
Pitching: RHP Carnell Torres
Batting: RHB Andy Christman 0-0: Ball
1-0: Ball
2-0: Fly out, F9 (Flyball, 9D, EV 106.9 MPH)
Runner from 2nd tags up, SAFE at 3rd, no throw by RF
Batting: RHB Cody Henning 0-0: Foul Ball, location: 2F
0-1: Fly out, F6 (Popup, 6M, EV 77.5 MPH)
Batting: RHB Andy Reece 0-0: Called Strike
0-1: Ball
1-1: Swinging Strike
1-2: Ball
2-2: Ground out 4-3 (Groundball, 4MS, EV 89.4 MPH)
Bottom of the 8th over - 0 runs, 2 hits, 0 errors, 2 left on base; New York 1 - Quebec 3
TOP OF THE 9TH
New York Comets batting - Pitching for Quebec Fighting Quakers : RHP Brad Zook
Batting: LHB Devan Clark 0-0: Ball
1-0: Foul Ball, location: 2F
1-1: DOUBLE (Flyball, 8RXD, EV 106.9 MPH)
Batting: RHB Mason Douglass 0-0: Ball
1-0: Called Strike
1-1: Ball
2-1: Foul Ball, location: 2F
2-2: Foul Ball, location: 2F
2-2: Fly out, F5 (Popup, 5SF, EV 70.0 MPH)
Batting: LHB Morgan Buga 0-0: Called Strike
0-1: SINGLE (Flyball, 78S, EV 88.1 MPH)
Devan Clark to third
Batting: RHB Bryan Steed 0-0: Foul Ball, location: 2F
0-1: Foul Ball, location: 2F
0-2: Strikes out swinging
Batting: RHB William Adkins 0-0: Fielders Choice at 2nd, 5-4 (Groundball, 56, EV 89.4 MPH)
Top of the 9th over - 0 runs, 2 hits, 0 errors, 2 left on base; New York 1 - Quebec 3
Tuesday, March 19th , 2024 - OOTP Baseball 23.10 Build 110